 Dungeon Crawl Stone Soup version 0.21.1-1-g345015f (webtiles) character file.

2652 inc the Nimble (level 9, -1/72 HPs)
             Began as a Demonspawn Monk on June 9, 2018.
             Was a Follower of Uskayaw.
             Killed by divine providence
             ... invoked by an orc priest
              (15 damage)
             ... on level 7 of the Dungeon.
             The game lasted 00:13:01 (7982 turns).

inc the Nimble (Demonspawn Monk)                    Turns: 7982, Time: 00:13:02

Health: -1/72      AC: 13    Str: 13    XL:     9   Next: 36%
Magic:  5/9        EV: 25    Int: 16    God:    Uskayaw [*.....]
Gold:   287        SH:  5    Dex: 18    Spells: 8/8 levels left

rFire    . . .     SeeInvis .   a - +1 mace
rCold    . . .     Gourm    .   (no shield)
rNeg     . . .     Faith    .   E - +3 leather armour "Migg" {Int+2 Dex+3}
rPois    .         Spirit   .   C - +0 helmet
rElec    .         Reflect  +   (no cloak)
rCorr    .         Harm     .   B - +0 pair of gloves
MR       .....                  (no boots)
Stlth    ++........             z - +5 amulet of reflection
HPRegen  0.22/turn              j - +5 ring of protection
MPRegen  0.11/turn              p - +6 ring of evasion

@: no status effects
A: demonic guardian 1, foul stench 1, rot immunity
a: Stomp, Renounce Religion


You were on level 7 of the Dungeon.
You worshipped Uskayaw.
Uskayaw was noncommittal.
You were not hungry.

You visited 2 branches of the dungeon, and saw 8 of its levels.

You collected 287 gold pieces.

Inventory:

Hand Weapons
 a - a +1 mace (weapon)
Armour
 b - a +0 robe
 i - a +1 ring mail
 B - a +0 pair of gloves (worn)
 C - a +0 helmet (worn)
 E - the +3 leather armour "Migg" (worn) {Int+2 Dex+3}
   (You found it on level 7 of the Dungeon)

   It affects your intelligence (+2).
   It affects your dexterity (+3).
Magical Staves
 s - an uncursed staff of fire
Jewellery
 j - a +5 ring of protection (left hand)
 o - an uncursed ring of protection from magic
 p - a +6 ring of evasion (right hand)
 x - a +3 amulet of reflection
 z - a +5 amulet of reflection (around neck)
Wands
 l - a wand of acid (3)
 q - a wand of random effects (50)
 v - a wand of polymorph (7)
Scrolls
 g - a scroll of enchant weapon
 h - 7 scrolls of remove curse
 m - 3 scrolls of identify
 n - 3 scrolls of amnesia
 r - a scroll of teleportation
 y - a scroll of noise {unknown}
 A - a scroll of immolation {unknown}
Potions
 d - a potion of invisibility
 e - a potion of brilliance
 f - a potion of ambrosia
 k - 2 potions of agility
 t - 2 potions of might
 u - a potion of magic
Books
 w - a book of Cantrips

   Spells                             Type                      Level
   a - Confusing Touch                Hexes                        1
   b - Animate Skeleton               Necromancy                   1
   c - Summon Small Mammal            Summoning                    1
   d - Apportation                    Translocation                1
Comestibles
 c - 15 rations


   Skills:
 + Level 7.2 Fighting
 - Level 2.6 Maces & Flails
 - Level 10.4 Dodging
 - Level 1.7 Stealth


You had 8 spell levels left.
You didn't know any spells.

Dungeon Overview and Level Annotations

Branches:
Dungeon (7/15)             Temple (1/1) D:6

Altars:
Cheibriados
Dithmenos
Elyvilon
Fedhas
Gozag
Kikubaaqudgha
Nemelex Xobeh
Okawaru
Qazlal
Ru
Uskayaw
Vehumet
Wu Jian
Xom
Yredelemnul

Shops:
D:4 (


Innate Abilities, Weirdness & Mutations

A weak demonic guardian rushes to your aid.
You may emit foul miasma when damaged in melee.
You are immune to rotting.


Message History

The orc appears confused.
You feel somewhat more hungry.
You can no longer pass through a line of other dancers.
You hit the orc.
The orc is heavily wounded.
You are too injured to fight recklessly!
You are too injured to fight recklessly!
You hit the orc priest.
The orc priest is severely wounded.
The orc warrior seems less confused.
The orc priest seems less confused.
The orc seems less confused.
The orc priest mumbles some strange prayers to Beogh against you.
Beogh smites you!
* * * LOW HITPOINT WARNING * * *
The orc warrior throws a tomahawk.
The tomahawk barely misses you.
You hit the orc priest but do no damage.
The orc priest is severely wounded.
You block the orc's attack.
The orc priest calls down the wrath of Beogh upon you.
Beogh smites you!
You die...

###### ......
......#### ###
......>..# ###<#
.......#.# #.#.#
.......#.# ######.#)###
#......o###......#)#.#
#.(...@(.o.......#.#.#
.......o####.##.......#
........# #.##..##)####
..####.## #.##...).)...
. #. #####.####### #.
#.##### # #. #.....# #
.. #.##### # #####.# #


You could see an orc warrior, an orc priest and an orc.

Vanquished Creatures
  2 slime creatures (D:5)
  Sigmund (D:2)
  3 orc warriors
  A sky beast (D:6)
  An ogre (D:6)
  A phantom (D:6)
  2 centaurs
  3 big kobolds (D:5)
  A scorpion (D:6)
  2 howler monkeys (D:4)
  A crimson imp (D:7)
  2 hounds (D:5)
  6 jellies
  A bullfrog zombie (D:7)
  8 orc wizards
  3 orc priests
  A gnoll shaman (D:3)
  A centaur skeleton (D:5)
  An iguana (D:6)
  3 worker ants
  7 adders
  2 shadow imps
  2 oozes (D:2)
  2 adder skeletons
  A worm (D:2)
  2 dart slugs
  2 leopard geckos
  27 orcs
  5 bats
  A giant cockroach (D:2)
  6 goblins
  4 hobgoblins
  A quokka (D:5)
  2 ball pythons
  5 frilled lizards
  A jackal skeleton (D:2)
  13 kobolds
  A leopard gecko skeleton (D:5)
  A quokka zombie (D:5)
  5 rats
134 creatures vanquished.

Vanquished Creatures (collateral kills)
  The ghost of theblackcape the Ruffian, an amateur TrTm of Wu Jian (D:4)
  An ice beast (D:3)
  An ogre (D:6)
  A centaur (D:5)
  A jelly (D:5)
  An iguana (D:3)
  3 gnolls (D:3)
  An ooze (D:5)
  An orc (D:6)
  A giant cockroach (D:3)
  A goblin (D:3)
  A frilled lizard (D:3)
14 creatures vanquished.

Vanquished Creatures (others)
  3 fungi (D:5)
  11 toadstools (D:5)
14 creatures vanquished.

Grand Total: 162 creatures vanquished

Notes
Turn   | Place    | Note
-------+----------+-------------------------------------------
     0 | D:1      | inc the Demonspawn Monk began the quest for the Orb.
     0 | D:1      | Reached XP level 1. HP: 18/18 MP: 1/1
   937 | D:1      | Gained mutation: A weak demonic guardian rushes to your aid. [demonic ancestry]
   937 | D:1      | Reached XP level 2. HP: 23/24 MP: 2/2
  1490 | D:2      | Gained mutation: You are immune to rotting. [demonic ancestry]
  1490 | D:2      | Reached XP level 3. HP: 4/30 MP: 3/3
  1790 | D:2      | Noticed Sigmund
  1808 | D:2      | Killed Sigmund
  1808 | D:2      | Reached XP level 4. HP: 15/40 MP: 4/4
  1808 | D:2      | Gained mutation: You may emit foul miasma when damaged in melee. [demonic ancestry]
  1808 | D:2      | Reached XP level 5. HP: 18/46 MP: 5/5
  2665 | D:3      | Reached skill level 3 in Dodging
  2797 | D:3      | Reached XP level 6. HP: 40/52 MP: 6/6
  3079 | D:3      | Noticed an ice beast
  3103 | D:3      | Killed an ice beast
  3103 | D:3      | Reached skill level 4 in Dodging
  3364 | D:4      | Found Gitaept's Weapon Emporium.
  3697 | D:4      | Noticed theblackcape's ghost (amateur TrTm)
  3718 | D:4      | Killed theblackcape's ghost
  3718 | D:4      | Reached skill level 5 in Dodging
  3718 | D:4      | Reached XP level 7. HP: 33/58 MP: 7/7
  4435 | D:5      | Entered Level 5 of the Dungeon
  4495 | D:5      | Reached skill level 6 in Dodging
  4557 | D:5      | Noticed a slime creature
  4565 | D:5      | Killed a slime creature
  4565 | D:5      | Reached skill level 7 in Dodging
  4566 | D:5      | Noticed a slime creature
  4740 | D:5      | Reached XP level 8. HP: 33/64 MP: 8/8
  4895 | D:5      | Killed a slime creature
  4895 | D:5      | Reached skill level 8 in Dodging
  5867 | D:5      | Found a shimmering altar of Xom.
  6170 | D:5      | Reached skill level 9 in Dodging
  7039 | D:6      | Reached skill level 10 in Dodging
  7039 | D:6      | Reached XP level 9. HP: 65/69 MP: 9/9
  7083 | D:6      | Found a staircase to the Ecumenical Temple.
  7140 | Temple   | Entered the Ecumenical Temple
  7186 | Temple   | Became a worshipper of Uskayaw the Reveler
  7186 | Temple   | Reached * piety under Uskayaw
  7222 | D:6      | Reached ** piety under Uskayaw
  7735 | D:7      | Reached *** piety under Uskayaw
  7743 | D:7      | Reached **** piety under Uskayaw
  7759 | D:7      | Got a spiked leather armour
  7888 | D:7      | Identified the +3 leather armour "Migg" {Int+2 Dex+3} (You found it on level 7 of the Dungeon)
  7982 | D:7      | Killed from afar by an orc priest

Skill      XL: |  1  2  3  4  5  6  7  8  9 |
---------------+----------------------------+-----
Fighting       | 4 6 7 |  7.2
Dodging        | 3 5 7 10 | 10.4
Maces & Flails | |  2.6
Stealth        | |  1.7

Action                   |  1- 3 |  4- 6 |  7- 9 || total
-------------------------+-------+-------+-------++-------
Melee: Mace              |   100 |   170 |   606 ||   876
Invok: Line Pass         |       |       |     1 ||     1
  Use: Scroll            |       |       |    13 ||    13
       Potion            |       |       |     3 ||     3
 Stab: Sleeping          |     2 |       |       ||     2
       Distracted        |       |       |     3 ||     3
       Invisible         |       |       |     2 ||     2
       Paralysed         |       |       |     3 ||     3
  Eat: Chunk             |     3 |     6 |    12 ||    21
       Ration            |       |       |     1 ||     1
Armor: Robe              |     2 |       |       ||     2
       Ring mail         |    35 |    58 |   106 ||   199
       Skin              |       |       |     1 ||     1
       Leather armour    |       |       |     2 ||     2
Dodge: Dodged            |    52 |   186 |   527 ||   765
Block: Other             |       |       |    51 ||    51
       Reflection        |       |       |     4 ||     4
